 Dungeon Crawl Stone Soup version 0.29.1-15-g9cfb28693d (webtiles) character file.

Game seed: 15574304373963892957

209 Kranky the Gusty (level 5, -5/38 HPs)
             Began as a Gnoll Wanderer on Apr 23, 2023.
             Was an Initiate of Okawaru.
             Slain by a gnoll bouda
             ... wielding a +0 whip of holy wrath
              (7 damage)
             ... on level 5 of the Dungeon.
             The game lasted 00:08:24 (5653 turns).

Kranky the Gusty (Gnoll Wanderer)                   Turns: 5653, Time: 00:08:25

Health: -5/38      AC:  6    Str: 14    XL:     5   Next: 87%
Magic:  9/9        EV: 10    Int: 13    God:    Okawaru [......]
Gold:   210        SH:  0    Dex:  9    Spells: 9/10 levels left

rFire   . . .      SeeInvis .   a - +0 spear
rCold   + . .      Faith    .   (no shield)
rNeg    . . .      Spirit   .   e - +0 ring mail
rPois   .          Reflect  .   u - +0 helmet
rElec   .          Harm     .   (no cloak)
rCorr   .          Rampage  .   (no gloves)
Will    .....                   (no boots)
Stlth   +.........              (no amulet)
HPRegen 0.12/turn               k - ring of protection from cold
MPRegen 0.11/turn               (no ring)

@: no status effects
A: fangs 1, strong nose, distributed training
a: Renounce Religion


You were on level 5 of the Dungeon.
You worshipped Okawaru.
Okawaru was noncommittal.
You visited 1 branch of the dungeon, and saw 5 of its levels.

You collected 210 gold pieces.

Inventory:

Hand Weapons
 a - a +0 spear (weapon)
Missiles
 s - 5 silver javelins
Armour
 d - a +0 robe
 e - a +0 ring mail (worn)
 u - a +0 helmet (worn)
Jewellery
 k - a ring of protection from cold (left hand)
Wands
 b - a wand of polymorph (6)
 t - a wand of flame (10)
Scrolls
 h - a scroll of summoning {unknown}
 j - 4 scrolls of teleportation {unknown}
 l - a scroll of poison {unknown}
 o - a scroll of blinking {unknown}
 p - 2 scrolls of acquirement {unknown}
 q - 2 scrolls of identify {unknown}
Potions
 c - a potion of lignification
 f - a potion of heal wounds {unknown}
 g - a potion of degeneration {unknown}
 i - a potion of curing {unknown}
 m - 4 potions of attraction {unknown}
 n - a potion of haste {unknown}
 r - a potion of mutation {unknown}
 v - a potion of ambrosia {unknown}
 w - 2 potions of berserk rage {unknown}
 x - a potion of brilliance {unknown}


   Skills:
 + Level 1.7 Fighting
 + Level 1.7 Short Blades
 + Level 1.7 Long Blades
 + Level 1.7 Axes
 + Level 1.7 Maces & Flails
 + Level 4.9 Polearms
 + Level 1.7 Staves
 + Level 1.7 Ranged Weapons
 + Level 1.7 Throwing
 + Level 1.7 Armour
 + Level 1.7 Dodging
 + Level 1.7 Stealth
 + Level 1.7 Shields
 + Level 1.7 Unarmed Combat
 + Level 3.3 Spellcasting
 + Level 1.3 Conjurations
 + Level 1.3 Hexes
 + Level 1.3 Summonings
 + Level 1.3 Necromancy
 + Level 1.3 Translocations
 + Level 1.3 Transmutations
 + Level 1.3 Fire Magic
 + Level 1.3 Ice Magic
 + Level 7.2 Air Magic
 + Level 1.3 Earth Magic
 + Level 1.3 Poison Magic
 + Level 2.0 Invocations
 + Level 6.7 Evocations


You had 9 spell levels left.
You knew the following spells:

 Your Spells              Type           Power      Damage    Failure   Level
a - Shock                 Conj/Air       52%        1d6       8%          1

Your spell library contained the following spells:

 Spells                   Type           Power      Damage    Failure   Level
 Swiftness                Air            21%        N/A       7%          3
 Airstrike                Air            10%        2d(2-18)  22%         4
 Slow                     Hex            20%        N/A       26%         1
 Ensorcelled Hibernation  Hex/Ice        10%        N/A       36%         2
 Confusing Touch          Hex            5%         N/A       58%         3
 Ozocubu's Armour         Ice            5%         N/A       58%         3
 Spider Form              Tmut/Pois      5%         N/A       58%         3
 Vampiric Draining        Necr           5%         2d6       58%         3
 Anguish                  Hex/Necr       2%         N/A       94%         4
 Ozocubu's Refrigeration  Ice            2%         4d8       100%        7


Dungeon Overview and Level Annotations

Branches:
Dungeon (5/15)
 Temple: D:4-7

Altars:
Okawaru

Annotations:
D:3 1 runed translucent door, Crazy Yiuf


Innate Abilities, Weirdness & Mutations

You have very sharp teeth.
Your uncanny sense of smell can sniff out nearby items.
Your experience applies equally to all skills.


Message History

A gnoll comes into view. It is wielding a +0 flail.
The gnoll bouda barks out a call to the hunt!
The gnoll picks up the pace!
A gnoll comes into view. It is wielding a +0 whip.
The gnoll shouts!
Okay, then.
The gnoll completely misses you.
The gnoll bouda attacks as you move away!
The gnoll bouda misses you. The gnoll attacks as you move away!
The gnoll closely misses you.
The gnoll bouda hits you with a +0 whip of holy wrath.
The gnoll hits you with a +0 whip.
The gnoll bouda attacks as you move away!
The gnoll bouda hits you with a +0 whip of holy wrath.
The gnoll attacks as you move away! The gnoll hits you with a +0 whip.
The gnoll bouda attacks as you move away!
The gnoll bouda closely misses you.
There is a stone staircase leading down here.
The gnoll hits you with a +0 flail!
You climb downwards.
The orc wizard shouts!
You hear a shout! x2
Found 9 gold pieces.
There is a stone staircase leading up here.
You barely miss the gnoll bouda. Your punch misses the gnoll bouda.
The gnoll bouda hits you with a +0 whip of holy wrath.
The gnoll closely misses you.
You are too injured to fight recklessly!
You are too injured to fight recklessly!
The gnoll bouda attacks as you move away!
The gnoll bouda hits you with a +0 whip of holy wrath.
The gnoll bouda attacks as you move away!
The gnoll bouda hits you with a +0 whip of holy wrath.
* * * LOW HITPOINT WARNING * * *
You hit the gnoll bouda but do no damage.
The gnoll bouda hits you with a +0 whip of holy wrath!
* * * LOW HITPOINT WARNING * * *
You hit the gnoll bouda.
The gnoll bouda is lightly wounded.
The gnoll bouda hits you with a +0 whip of holy wrath!
You die...

. ∆ .### ..
#####.... #..
#.......#
..###.....#.#
.........o.
#.....$.#
#g<.....#
#g#..#.... ∆
#@#.## #
#.#.# #.... ∆
∆ ###.# .# .#


You could see a gnoll bouda and a gnoll (swift).

Vanquished Creatures
  Jessica (D:3)
  An iguana (D:3)
  Robin (D:3)
  4 adders
  2 gnolls (D:4)
  An ufetubus (D:3)
  A worm (D:3)
  A dart slug (D:1)
  2 orcs (D:3)
  3 endoplasms
  2 giant cockroaches
  12 goblins
  8 hobgoblins
  9 jackals
  10 kobolds
  6 quokkas
  5 ball pythons
  4 bats
  2 frilled lizards
  3 rats
78 creatures vanquished.

Notes
Turn   | Place    | Note
-------+----------+-------------------------------------------
     0 | D:1      | Kranky the Gnoll Wanderer began the quest for the Orb.
     0 | D:1      | Kranky set off with the following items: a +0 spear, a wand
                  | of polymorph (6), a potion of lignification, a +0 robe; and
                  | the following spell memorised: Shock; and the following
                  | spells available to memorise: Swiftness, Airstrike.
     0 | D:1      | Reached XP level 1. HP: 13/13 MP: 4/4
   426 | D:1      | Reached XP level 2. HP: 19/19 MP: 5/5
  1150 | D:2      | Found a faded altar of an unknown god.
  1322 | D:2      | Reached XP level 3. HP: 25/25 MP: 7/7
  1429 | D:2      | Reached skill level 1 in Invocations
  2054 | D:2      | Reached skill level 1 in Fighting
  2054 | D:2      | Reached skill level 1 in Short Blades
  2054 | D:2      | Reached skill level 1 in Long Blades
  2054 | D:2      | Reached skill level 1 in Axes
  2054 | D:2      | Reached skill level 1 in Maces & Flails
  2054 | D:2      | Reached skill level 1 in Staves
  2054 | D:2      | Reached skill level 1 in Ranged Weapons
  2054 | D:2      | Reached skill level 1 in Throwing
  2054 | D:2      | Reached skill level 1 in Armour
  2054 | D:2      | Reached skill level 1 in Dodging
  2054 | D:2      | Reached skill level 1 in Stealth
  2054 | D:2      | Reached skill level 1 in Shields
  2054 | D:2      | Reached skill level 1 in Unarmed Combat
  2583 | D:3      | Noticed Jessica
  2592 | D:3      | Killed Jessica
  2593 | D:3      | Reached skill level 1 in Conjurations
  2593 | D:3      | Reached skill level 1 in Hexes
  2593 | D:3      | Reached skill level 1 in Summonings
  2593 | D:3      | Reached skill level 1 in Necromancy
  2593 | D:3      | Reached skill level 1 in Translocations
  2593 | D:3      | Reached skill level 1 in Transmutations
  2593 | D:3      | Reached skill level 1 in Fire Magic
  2593 | D:3      | Reached skill level 1 in Ice Magic
  2593 | D:3      | Reached skill level 1 in Earth Magic
  2593 | D:3      | Reached skill level 1 in Poison Magic
  2593 | D:3      | Reached XP level 4. HP: 32/32 MP: 8/8
  3109 | D:3      | Noticed Robin
  3513 | D:3      | Killed Robin
  3514 | D:3      | Reached XP level 5. HP: 27/37 MP: 9/9
  3826 | D:3      | Found an iron altar of Okawaru.
  3871 | D:3      | Became a worshipper of Warmaster Okawaru
  4364 | D:3      | Found a runed translucent door.
  4365 | D:3      | Noticed Crazy Yiuf
  4665 | D:4      | Noticed a black bear
  5648 | D:5      | Entered Level 5 of the Dungeon
  5653 | D:5      | Slain by a gnoll bouda

Illustrated notes

Levels and vault maps discovered:
D:1:      eino_arrival_tree_alley, layout_rooms
D:2:      layout_loops_cross, nicolae_ecumenical_oubliette
D:3:      layout_basic, mainiacjoe_overflow_surrounded_room,
          chequers_serial_rivers_small_b, uniq_crazy_yiuf_cottage, uniq_jessica,
          uniq_robin
D:4:      layout_basic, kennysheep_mini_moat, gammafunk_ghost_split, minivault_4
D:5:      layout_loops_cross, tgw_kikubaaqudgha, serial_shops,
          nicolae_shop_crystal, chequers_big_river, serial_park_tiny_1,
          chequers_serial_rivers_micro_a

Skill      XL: |  1  2  3  4  5 |
---------------+----------------+-----
Invocations    | 1 2 |  2.0
Fighting       | 1 |  1.7
Short Blades   | 1 |  1.7
Long Blades    | 1 |  1.7
Axes           | 1 |  1.7
Maces & Flails | 1 |  1.7
Staves         | 1 |  1.7
Ranged Weapons | 1 |  1.7
Throwing       | 1 |  1.7
Armour         | 1 |  1.7
Dodging        | 1 |  1.7
Stealth        | 1 |  1.7
Shields        | 1 |  1.7
Unarmed Combat | 1 |  1.7
Spellcasting   | 3 |  3.3
Conjurations   | 1 |  1.3
Hexes          | 1 |  1.3
Summonings     | 1 |  1.3
Necromancy     | 1 |  1.3
Translocations | 1 |  1.3
Transmutations | 1 |  1.3
Fire Magic     | 1 |  1.3
Ice Magic      | 1 |  1.3
Earth Magic    | 1 |  1.3
Poison Magic   | 1 |  1.3
Polearms       | |  4.9
Air Magic      | |  7.2
Evocations     | |  6.7

Action                   |  1- 3 |  4- 6 || total
-------------------------+-------+-------++-------
Melee: Spear             |   159 |   242 ||   401
       Bite              |    13 |    21 ||    34
       Punch             |     2 |     6 ||     8
Armor: Ring mail         |    38 |    95 ||   133
Dodge: Dodged            |    73 |   126 ||   199
